 Dungeon Crawl Stone Soup version 0.28.0-43-g3370ac3207 (webtiles) character file.

Game seed: 8841294045099350066

3268 Peloso the Carver (level 9, -1/117 HPs)
             Began as a Minotaur Fighter on Mar 21, 2022.
             Was a Priest of Okawaru.
             Slain by a killer bee (7 damage)
             ... on level 7 of the Dungeon.
             The game lasted 00:10:54 (6788 turns).

Peloso the Carver (Minotaur Fighter)                Turns: 6788, Time: 00:10:54

Health: -1/117     AC: 24    Str: 24    XL:     9   Next: 68%
Magic:  6/8        EV:  2    Int:  5    God:    Okawaru [***...]
Gold:   381        SH:  7    Dex: 11    Spells: 8/8 levels left

rFire   . . .      SeeInvis .   a - +0 long sword
rCold   . . .      Faith    .   c - +0 buckler
rNeg    + . .      Spirit   .   (armour currently unavailable)
rPois   +          Reflect  .   (helmet currently unavailable)
rElec   .          Harm     .   (cloak currently unavailable)
rCorr   .          Rampage  .   (gloves currently unavailable)
Will    .....      NoTele   +   (boots currently unavailable)
Stlth   +++.......              (no amulet)
HPRegen 0.29/turn               p - ring of positive energy
MPRegen 0.11/turn               (no ring)

@: brilliant, lethally poisoned (-1 -> -4), tree-form, heroic, invisible
A: stationary, stasis, torment immunity, boosted hp, (horns 2), (retaliatory
headbutt)
a: Renounce Religion, Heroism


You were on level 7 of the Dungeon.
You worshipped Okawaru.
Okawaru was most pleased with you.
You were a tree.
You visited 2 branches of the dungeon, and saw 9 of its levels.

You collected 381 gold pieces.

Inventory:

Hand Weapons
 a - a +0 long sword (weapon)
Missiles
 j - a throwing net (quivered)
Armour
 b - a +0 scale mail
 c - a +0 buckler (worn)
 k - a +0 pair of gloves (melded)
 q - a +1 hat (melded)
 u - a +0 pair of boots (melded)
 v - a +0 chain mail (melded)
 C - a +0 cloak (melded)
Jewellery
 p - a ring of positive energy (left branch)
 z - a +6 ring of intelligence
 D - a ring of ice
Wands
 y - a wand of flame (16)
 B - a wand of iceblast (13)
Scrolls
 f - 5 scrolls of blinking
 g - a scroll of enchant weapon
 l - 4 scrolls of immolation {unknown}
 m - a scroll of vulnerability {unknown}
 n - 3 scrolls of enchant armour {unknown}
 o - a scroll of torment {unknown}
 s - 2 scrolls of fog {unknown}
 w - a scroll of silence {unknown}
 x - a scroll of brand weapon {unknown}
Potions
 d - a potion of might
 e - a potion of haste
 h - 2 potions of cancellation
 i - a potion of mutation
 t - 3 potions of lignification


   Skills:
 + Level 6.4(11.4) Fighting
 + Level 10.0(15.0) Long Blades
 + Level 0.4(5.4) Throwing
 + Level 9.8(14.8) Armour
 + Level 3.7(8.7) Dodging
 + Level 1.4(6.4) Stealth
 + Level 7.1(12.1) Shields
 + Level 0.1 Evocations


You had 8 spell levels left.
You didn't know any spells.
Your spell library contained the following spells:

 Spells                   Type           Power      Damage    Failure   Level
 Beastly Appendage        Tmut           0%         N/A       54%         1
 Sublimation of Blood     Necr           0%         N/A       67%         2
 Wereblood                Tmut           0%         N/A       67%         2
 Spider Form              Tmut/Pois      0%         N/A       88%         3
 Summon Hydra             Summ           Unusable   N/A       N/A         7

Dungeon Overview and Level Annotations

Branches:
Dungeon (8/15)             Temple (1/1) D:4
   Lair: D:8-11

Altars:
Ashenzari
Elyvilon
Fedhas
Gozag
Hepliaklqana
Nemelex Xobeh
Okawaru
Ru
Sif Muna
Trog
Uskayaw
Wu Jian
Xom
Yredelemnul
Zin
The Shining One

Shops:
D:4 (   D:7 *


Innate Abilities, Weirdness & Mutations

You are a tree.
Your roots penetrate the ground, keeping you stationary.
You cannot be teleported.
You are immune to unholy pain and torment.
Your maximum health is greatly increased.
Your equipment is partially melded.
((You have a pair of horns on your head.))
((You reflexively headbutt those who attack you in melee.))


Message History

You barely miss the killer bee.
The killer bee is almost dead.
The killer bee stings you but does no damage.
The killer bee stings you.
* * * LOW HITPOINT WARNING * * *
You are lethally poisoned!
The killer bee poisons you! The killer bee barely misses you.
The killer bee stings you but does no damage.
The killer bee closely misses you. You block the killer bee's attack.
It was a potion of lignification.
You turn into a tree.
Your +0 cloak melds into your body.
Your +1 hat melds into your body.
Your +0 pair of gloves melds into your body.
Your +0 pair of boots melds into your body.
Your +0 chain mail melds into your body.
Your roots penetrate the ground.
You feel very sick.
The killer bee stings you but does no damage.
You block the killer bee's attack.
The killer bee stings you but does no damage. x2
You block the killer bee's attack.
The killer bee stings you but does no damage.
It was a potion of brilliance.
You feel clever all of a sudden.
You feel sick.
The killer bee stings you but does no damage.
You block the killer bee's attack.
The killer bee stings you but does no damage.
You block the killer bee's attack. x2; The killer bee stings you.
* * * LOW HITPOINT WARNING * * *
It was a potion of invisibility.
You fade into invisibility!
You feel sick. You block the killer bee's attack.
The killer bee stings you but does no damage. x3
The killer bee stings you.
* * * LOW HITPOINT WARNING * * *
The killer bee barely misses you.
You miss the killer bee.
The killer bee is severely wounded.
You feel sick. The killer bee stings you!
You die...

...........#..........#
...........#..........#
...........#..........#
...........#..........#
..........###........##
......(...# #.......##
..........# #......##
.........## #....y##
..........# #..y♣.#
##........# #....y#
##.....#.###.....##
##....##.##......# #
###.###.##......# ##
### #........## .##
##.......# ..#
#####...# ..#
#♣♣♣##...##


You could see 3 killer bees.

Vanquished Creatures
  Grinder (D:3)
  A shadow (D:6)
  6 humans
  Menkaure (D:7)
  A hornet zombie (D:7)
  2 black bears
  2 phantoms
  2 kobold brigands
  5 scorpions
  2 water moccasin skeletons
  8 wights (D:6)
  An electric eel (D:7)
  2 centaur zombies
  2 jellies
  2 orc priests
  A hound (D:6)
  A centaur skeleton (D:6)
  A gnoll shaman (D:3)
  2 iguanas
  A scorpion zombie (D:3)
  3 orc wizards
  A killer bee zombie (D:7)
  9 adders
  3 gnolls
  An adder skeleton (D:4)
  2 worms
  A dart slug (D:5)
  12 orcs
  4 ball pythons
  6 endoplasms
  4 giant cockroaches
  4 goblins
  5 hobgoblins
  4 jackals (D:1)
  3 quokkas
  A bat (D:3)
  5 frilled lizards
  15 kobolds
  A rat (D:3)
128 creatures vanquished.

Vanquished Creatures (others)
  15 fungi (D:8)
  14 plants
29 creatures vanquished.

Grand Total: 157 creatures vanquished

Notes
Turn   | Place    | Note
-------+----------+-------------------------------------------
     0 | D:1      | Peloso the Minotaur Fighter began the quest for the Orb.
     0 | D:1      | Reached XP level 1. HP: 19/19 MP: 0/0
   189 | D:1      | Reached XP level 2. HP: 19/27 MP: 1/1
   548 | D:2      | Reached skill level 3 in Long Blades
   623 | D:2      | Reached XP level 3. HP: 33/33 MP: 2/2
   779 | D:2      | Reached skill level 1 in Dodging
   928 | D:2      | Reached XP level 4. HP: 28/40 MP: 3/3
  1256 | D:3      | Noticed Grinder
  1259 | D:3      | Paralysed by Grinder for 5 turns
  1280 | D:3      | Killed Grinder
  1281 | D:3      | Reached skill level 4 in Long Blades
  1281 | D:3      | Reached skill level 1 in Stealth
  1281 | D:3      | Reached XP level 5. HP: 4/47 MP: 4/4
  1613 | D:3      | Reached XP level 6. HP: 53/53 MP: 5/5
  1637 | D:3      | Reached skill level 5 in Long Blades
  1637 | D:3      | Reached skill level 5 in Armour
  1743 | D:3      | Found a faded altar of an unknown god.
  2404 | D:4      | Reached XP level 7. HP: 57/60 MP: 6/6
  2422 | D:4      | Found the +6 shillelagh "Devastator" {shatter}
  2434 | D:4      | Reached skill level 6 in Long Blades
  2872 | D:4      | Found a staircase to the Ecumenical Temple.
  2875 | D:4      | Found Xueg's Antique Weapon Boutique.
  2905 | Temple   | Entered the Ecumenical Temple
  2911 | Temple   | Became a worshipper of Warmaster Okawaru
  3004 | D:4      | Reached skill level 5 in Fighting
  3322 | D:5      | Entered Level 5 of the Dungeon
  3758 | D:5      | Reached skill level 7 in Long Blades
  3758 | D:5      | Reached skill level 5 in Shields
  3940 | D:5      | Found a glowing silver altar of Zin.
  4100 | D:6      | Reached XP level 8. HP: 66/68 MP: 7/7
  4207 | D:6      | Reached * piety under Okawaru
  4826 | D:6      | Reached skill level 8 in Long Blades
  5025 | D:6      | Reached ** piety under Okawaru
  5319 | D:7      | Noticed Menkaure
  5325 | D:7      | Killed Menkaure
  5326 | D:7      | Reached XP level 9. HP: 69/74 MP: 8/8
  5386 | D:6      | Reached skill level 9 in Long Blades
  5578 | D:7      | Reached *** piety under Okawaru
  5763 | D:7      | Found an ornate altar of the Wu Jian Council.
  5764 | D:7      | Found a bloodstained altar of Trog.
  6469 | D:7      | Found Poshar's Fire Supplies.
  6757 | D:7      | Reached skill level 10 in Long Blades
  6788 | D:7      | Slain by a killer bee

Illustrated notes

Levels and vault maps discovered:
D:1:      heliophobic_arrival_battle_scene, layout_rooms
D:2:      layout_basic, minmay_close_crescents
D:3:      layout_rooms, ebering_ecumenical_altar_webs, grunt_ministairs_15,
          uniq_grinder
D:4:      cheibrodos_thug_alley, layout_rooms, minmay_temple_entry_statues,
          serial_shops, shop, serial_bayou_pond_d
D:5:      layout_cave_pools, lemuel_doored_altar
D:6:      layout_basic
D:7:      layout_cave_pods, mainiacjoe_overflow_catch_the_wave,
          nicolae_shop_fire_sale [nicolae_sub_dead_trees], minmay_ruffians,
          uniq_menkaure
D:8:      layout_rooms, grunt_lair_entry_orc_guard_hut
Temple:   nicolae_temple_x_marks_the_god

Skill      XL: |  1  2  3  4  5  6  7  8  9 |
---------------+----------------------------+-----
Fighting       | 4 5 6 |  6.4
Armour         | 4 5 6 8 9 |  9.8
Long Blades    | 3 4 5 7 8 10 | 10.0
Shields        | 4 5 6 7 |  7.1
Dodging        | 1 2 3 |  3.7
Stealth        | 1 |  1.4
Throwing       | |  0.4
Evocations     | |  0.1

Action                   |  1- 3 |  4- 6 |  7- 9 || total
-------------------------+-------+-------+-------++-------
Melee: Long sword        |    82 |    97 |   303 ||   482
       Headbutt          |    12 |    17 |    50 ||    79
Throw: Throwing net      |       |     2 |       ||     2
Invok: Heroism           |       |       |     2 ||     2
Evoke: Wand              |       |       |     3 ||     3
  Use: Scroll            |     2 |       |     4 ||     6
       Potion            |       |       |     4 ||     4
Armor: Scale mail        |    53 |    39 |    35 ||   127
       Chain mail        |       |       |   139 ||   139
       Skin              |       |       |     9 ||     9
Dodge: Dodged            |    55 |    48 |   130 ||   233
Block: Buckler           |    21 |    23 |   101 ||   145
